 Dungeon Crawl Stone Soup version 0.31-a0-859-g9dce7d3444 (webtiles) character file.

Game seed: 108962207378666591

500 Shayle the Ruffian (level 7, -2/81 HPs)
             Began as a Human Shapeshifter on Oct 9, 2023.
             Slain by a hornet (7 damage)
             ... on level 4 of the Dungeon.
             The game lasted 00:07:02 (3136 turns).

Shayle the Ruffian (Human Shapeshifter)             Turns: 3136, Time: 00:07:05

Health: -2/81      AC: 23    Str: 12 (14) XL:     7   Next: 40%
Magic:  7/7        EV:  2    Int: 10 (12) God:
Gold:   128        SH:  0    Dex: 11 (13) Spells: 6/6 levels left

rFire   . .          .
                       - Unarmed
rCold   . . .        w - orb {*Rage}
rNeg    . . .        v - melded +0 plate armour
rPois   +            (helmet currently unavailable)
rElec   .            (cloak currently unavailable)
rCorr   .            (gloves currently unavailable)
SInv    .            (boots currently unavailable)
Will    +....        (no amulet)
Stlth   +            m - ring of willpower
HPRegen 0.33/turn    (no ring)
MPRegen 0.10/turn

%: random rage (20%)
@: mighty, lethally poisoned (-2 -> -6), tree-form
A: stationary, stasis, torment immunity, boosted hp
a: no special abilities


You were on level 4 of the Dungeon.
You were a tree.
You visited 1 branch of the dungeon, and saw 4 of its levels.

You collected 128 gold pieces.

Inventory:

Missiles
 l - 11 poisoned darts
Armour
 a - a +0 animal skin
 h - a +1 pair of boots
 q - a +0 cloak
 r - a +0 chain mail
 v - a +0 plate armour (melded)
 w - an orb of wrath (worn)
Jewellery
 m - a ring of willpower (left branch)
Talismans
 c - a beast talisman
 d - a flux talisman
Wands
 n - a wand of polymorph (10)
Scrolls
 e - a scroll of vulnerability {unknown}
 f - 2 scrolls of fear {unknown}
 i - a scroll of fog {unknown}
 j - 8 scrolls of identify {unknown}
 o - a scroll of poison {unknown}
 p - 3 scrolls of immolation
 t - a scroll of enchant weapon {unknown}
 u - a scroll of amnesia {unknown}
Potions
 g - a potion of berserk rage {unknown}


   Skills:
 + Level 4.0 Fighting
 + Level 1.8 Armour
 - Level 2.0 Dodging
 + Level 5.0 Unarmed Combat
 + Level 4.7 Shapeshifting


You had 6 spell levels left.
You didn't know any spells.
Your spell library contained the following spells:

 Spells                   Type           Power      Damage    Failure   Level
 Summon Small Mammal      Summ           0%         N/A       36%         1
 Volatile Blastmotes      Fire/Tloc      0%         2d10      75%         3
 Fulminant Prism          Conj/Hex       0%         3d5       98%         4
 Iskenderun's Mystic Bla  Conj/Tloc      0%         2d3       98%         4
 Vhi's Electric Charge    Tloc/Air       0%         N/A       98%         4
 Summon Mana Viper        Hex/Summ       0%         N/A       100%        5


Dungeon Overview and Level Annotations

Branches:
Dungeon (4/15)
 Temple: D:4-7

Altars:


Message History

Aim: a hornet (will become a fire bat, a tengu, or a harpy, chance to affect: 39%)
The hornet resists with some effort.
The hornet stings you!
You are poisoned.
You feel yourself slow down.
You closely miss the hornet.
You feel very sick.
The gnoll shouts!
The hornet stings you!
You feel as though you will be slow longer.
The hornet stings you!
* * * LOW HITPOINT WARNING * * *
You are lethally poisoned!
You feel as though you will be slow longer.
Your transformation has ended.
You turn into a tree.
Your +0 plate armour melds into your body.
Your roots penetrate the ground.
You feel very sick. The hornet stings you.
* * * LOW HITPOINT WARNING * * *
The hornet stings you but does no damage.
It was a potion of might.
You feel very mighty all of a sudden.
* * * LOW HITPOINT WARNING * * *
You feel very sick.
The hornet stings you but does no damage.
The hornet completely misses you.
The hornet stings you but does no damage.
You feel mightier all of a sudden.
* * * LOW HITPOINT WARNING * * *
You feel very sick. The hornet completely misses you.
The gnoll hits you but does no damage.
The hornet stings you but does no damage.
It was a potion of degeneration.
There was something very wrong with that liquid.
You feel weakened.
You feel dopey.
You feel clumsy.
You feel yourself speed up.
* * * LOW HITPOINT WARNING * * *
You feel sick. The hornet stings you!
You die...

######.##+#.###..#..#............
#####.......# #..#..#............
..........(.# #..#..#............
#####.......# #..#..'........
............# #.)#..####....#
#...........# #..#...........
#...#.......###..#...........
#.........#...[gy#...........
#.......#######g♣###'#########
........##...........†........
........##....................
........................######
......####..............#
#....... #..............#
##.##.#.###.#.########### ##.#
.#.# #.#. ...# .# #


You could see a hornet and 2 gnolls.

Vanquished Creatures
  Sigmund (D:2)
  A scorpion (D:4)
  A hound (D:4)
  4 orc wizards
  4 gnolls
  4 adders
  2 worms
  3 dart slugs
  4 orcs
  4 bats
  7 endoplasms
  A giant cockroach (D:3)
  5 goblins
  5 hobgoblins
  8 jackals
  2 quokkas
  5 ball pythons
  6 frilled lizards
  3 kobolds
  5 rats
75 creatures vanquished.

Notes
Turn   | Place    | Note
-------+----------+-------------------------------------------
     0 | D:1      | Shayle the Human Shapeshifter began the quest for the Orb.
     0 | D:1      | Reached XP level 1. HP: 15/15 MP: 1/1
   201 | D:1      | Reached XP level 2. HP: 18/21 MP: 2/2
   793 | D:2      | Reached XP level 3. HP: 21/27 MP: 3/3
   912 | D:2      | Noticed Sigmund
   926 | D:2      | Killed Sigmund
   927 | D:2      | Reached skill level 4 in Unarmed Combat
   927 | D:2      | Reached XP level 4. HP: 7/35 MP: 4/4
   927 | D:2      | Reached XP level 5. HP: 8/41 MP: 5/5
   927 | D:2      | Reached XP level 6. HP: 9/47 MP: 6/6
  1185 | D:2      | Found a faded altar of an unknown god.
  1880 | D:3      | Got a glossy book
  2644 | D:4      | Reached skill level 1 in Armour
  2710 | D:4      | Reached XP level 7. HP: 53/53 MP: 7/7
  2973 | D:4      | Reached skill level 5 in Unarmed Combat
  3129 | D:4      | a gnoll sergeant changed into a hornet
  3129 | D:4      | Noticed a hornet
  3136 | D:4      | Slain by a hornet

Illustrated notes

Levels and vault maps discovered:
D:1:      wander_arrival_chamber, layout_basic
D:2:      layout_loops_corners, hellmonk_ecumenical_altar_blasted, uniq_sigmund
D:3:      layout_basic, kennysheep_doodads
D:4:      layout_basic

Skill      XL: |  1  2  3  4  5  6  7 |
---------------+----------------------+-----
Fighting       | 3 4 |  4.0
Unarmed Combat | 4 5 |  5.0
Shapeshifting  | 4 |  4.7
Armour         | 1 |  1.8
Dodging        | |  2.0

Action                     |  1- 3 |  4- 6 |  7- 9 || total
---------------------------+-------+-------+-------++-------
  Melee: Unarmed           |    74 |   141 |    37 ||   252
         Punch             |     2 |     5 |       ||     7
  Evoke: Wand              |       |       |     3 ||     3
    Use: Potion            |       |       |     4 ||     4
   Stab: Sleeping          |     1 |     2 |       ||     3
 Armour: Animal skin       |    34 |    16 |       ||    50
         Plate armour      |       |    63 |    36 ||    99
         Chain mail        |       |    24 |       ||    24
         Skin              |       |       |     7 ||     7
  Dodge: Dodged            |    37 |    37 |     8 ||    82

Table legend: (Time is in decaauts)
 A = Elapsed time spent in this place.
 B = Non-inter-level travel time spent in this place.
 C = Inter-level travel time spent in this place.
 D = Time resting spent in this place.
 E = Time spent auto-exploring this place.
 F = Levels seen in this place.
 G = Mean time per level.
                   A        B        C        D        E       F      G
               +--------+--------+--------+--------+--------+-----+--------+
         Total |   3181 |   3051 |    130 |    309 |   1897 |   4 |  795.2 |
       Dungeon |   3181 |   3051 |    130 |    309 |   1897 |   4 |  795.2 |
               +--------+--------+--------+--------+--------+-----+--------+

Top non-repeatable levels by time:
     D:2: 1119 daAuts
     D:3: 899 daAuts
     D:1: 601 daAuts
     D:4: 560 daAuts
